[Event "ETCC Open 2023"]
[Site "Budva"]
[Date "2023.11.14"]
[Round "4.6"]
[White "Risteski, Emil"]
[Black "Djukic, Nikola"]
[Result "1/2-1/2"]
[ECO "B38"]
[WhiteElo "2379"]
[BlackElo "2518"]
[Annotator "ChessBase"]
[PlyCount "60"]
[EventDate "2023.11.10"]
[EventType "team-tourn"]
[EventCountry "MNE"]
[SourceTitle "playchess.com"]
[Source "ChessBase"]
[SourceQuality "1"]
[WhiteTeam "Macedonia"]
[BlackTeam "Montenegro"]
[WhiteTeamCountry "MKD"]
[BlackTeamCountry "MNE"]
[TimeControl "40/5400+30:1800+30"]

1. e4 c5 2. Nf3 Nc6 3. d4 cxd4 4. Nxd4 g6 5. c4 Nf6 6. Nc3 d6 7. f3 Bg7 8. Be3 O-O 9. Qd2 Nh5 10. Be2 Nxd4 11. Bxd4 Bxd4 12. Qxd4 Nf4 13. g3 e5 14. Qd2 Ne6 15. Rd1 Nd4 16. Nb5 Nxb5 17. cxb5 Be6 18. b4 Rc8 19. Qxd6 Qxd6 20. Rxd6 Rc1+ 21. Rd1 Rfc8 22. Bd3 Rxd1+ 23. Kxd1 Rc3 24. Kd2 Ra3 25. Rc1 Rxa2+ 26. Rc2 Rxc2+ 27. Kxc2 Kf8 28. Kc3 Ke7 29. b6 axb6 30. Kd2 Kd6 1/2-1/2

[Event "ETCC Open 2023"]
[Site "Budva"]
[Date "2023.11.14"]
[Round "4.7"]
[White "Petrov, Nikita"]
[Black "Pancevski, Filip"]
[Result "1-0"]
[ECO "E97"]
[WhiteElo "2567"]
[BlackElo "2441"]
[Annotator "ChessBase"]
[PlyCount "107"]
[EventDate "2023.11.10"]
[EventType "team-tourn"]
[EventCountry "MNE"]
[SourceTitle "playchess.com"]
[Source "ChessBase"]
[SourceQuality "1"]
[WhiteTeam "Montenegro"]
[BlackTeam "Macedonia"]
[WhiteTeamCountry "MNE"]
[BlackTeamCountry "MKD"]
[TimeControl "40/5400+30:1800+30"]

1. d4 Nf6 2. c4 g6 3. Nc3 Bg7 4. e4 d6 5. Nf3 O-O 6. Be2 e5 7. O-O Nc6 8. d5 Ne7 9. b4 a5 10. bxa5 c5 11. a4 Rxa5 12. Bd2 Kh8 13. Ra3 Ra6 14. g3 Ne8 15. Qc1 Ng8 16. Nh4 Bh3 17. Re1 Nef6 18. Rb3 Bc8 19. Bg5 Qe8 20. Bd1 Qd7 21. Be2 Qe8 22. Qb2 Qd7 23. Rb6 Ra8 24. Bf1 Ne8 25. Nf3 Qc7 26. Bd2 Qd8 27. Ra1 Ngf6 28. a5 Nd7 29. Rb3 Nc7 30. Na4 Ra6 31. Qb1 f5 32. Ng5 f4 33. Ne6 Nxe6 34. dxe6 Nb8 35. Rxb7 Bxe6 36. Qb5 Bd7 37. Rxb8 Qxb8 38. Qxd7 Ra7 39. Qb5 Qa8 40. Bd3 Raf7 41. Be1 h5 42. Nb6 Qa7 43. Nd5 fxg3 44. hxg3 h4 45. Qb2 Qd7 46. a6 Kh7 47. Qe2 Qh3 48. Rb1 Rf3 49. Ne3 Bh6 50. Nf5 Rxd3 51. Rb7+ Kh8 52. Qxd3 gxf5 53. Qxd6 Bg7 54. Qg6 1-0

[Event "ETCC Open 2023"]
[Site "Budva"]
[Date "2023.11.14"]
[Round "4.8"]
[White "Lazov, Toni"]
[Black "Blagojevic, Dragisa"]
[Result "1-0"]
[ECO "C55"]
[WhiteElo "2377"]
[BlackElo "2438"]
[Annotator "ChessBase"]
[PlyCount "83"]
[EventDate "2023.11.10"]
[EventType "team-tourn"]
[EventCountry "MNE"]
[SourceTitle "playchess.com"]
[Source "ChessBase"]
[SourceQuality "1"]
[WhiteTeam "Macedonia"]
[BlackTeam "Montenegro"]
[WhiteTeamCountry "MKD"]
[BlackTeamCountry "MNE"]
[TimeControl "40/5400+30:1800+30"]

1. e4 e5 2. Bc4 Nf6 3. d3 Nc6 4. Nf3 Be7 5. O-O O-O 6. Re1 d6 7. a4 Bg4 8. h3 Bh5 9. c3 d5 10. exd5 Nxd5 11. a5 Rb8 12. Nbd2 f6 13. Ne4 Bf7 14. d4 exd4 15. Nxd4 Ne5 16. Bb3 Qd7 17. f4 Nc6 18. Ba4 Rfd8 19. a6 Nb6 20. Nxc6 bxc6 21. Qxd7 Rxd7 22. Bxc6 Rdd8 23. Be3 Bd5 24. Bxd5+ Rxd5 25. Red1 Rbd8 26. Rxd5 Rxd5 27. Kf1 Kf7 28. Ke2 Ke6 29. b4 f5 30. Ng5+ Bxg5 31. fxg5 Kd7 32. Bxb6 cxb6 33. Rd1 Rxd1 34. Kxd1 b5 35. Kd2 Kc6 36. Kd3 Kd5 37. g3 h5 38. gxh6 gxh6 39. h4 h5 40. c4+ bxc4+ 41. Kc3 Ke4 42. b5 1-0

[Event "ETCC Open 2023"]
[Site "Budva"]
[Date "2023.11.14"]
[Round "4.9"]
[White "Keinanen, Toivo"]
[Black "Carlsen, Magnus"]
[Result "0-1"]
[ECO "E06"]
[WhiteElo "2527"]
[BlackElo "2829"]
[Annotator "TA"]
[PlyCount "127"]
[EventDate "2023.11.10"]
[EventType "team-tourn"]
[EventCountry "MNE"]
[SourceTitle "playchess.com"]
[Source "ChessBase"]
[SourceQuality "1"]
[WhiteTeam "Finland"]
[BlackTeam "Norway"]
[WhiteTeamCountry "FIN"]
[BlackTeamCountry "NOR"]
[TimeControl "40/5400+30:1800+30"]

1. d4 Nf6 2. c4 e6 3. g3 d5 4. Bg2 Be7 5. Nf3 O-O 6. O-O a5 7. Bf4 {[%emt 0:07:54] E06: Closed Catalan: Early deviations.} dxc4 {[%emt 0:11:18] [#]} 8. Qa4 $146 ({Predecessor:} 8. Ne5 Nc6 9. Nxc6 bxc6 10. e4 c5 11. d5 exd5 12. exd5 Bd6 13. Qd2 Rb8 14. Nc3 {1-0 Papadopoulos,N (2109)-Hrisanthopoulos,D (2175) GRE-chT 36th 2008 (4.7)}) 8... Nd5 9. Qxc4 {[%emt 0:00:18] The position is equal.} Nxf4 10. gxf4 Nd7 11. Rd1 c6 12. Qc2 Nf6 13. Nc3 Nd5 14. e3 Bd7 15. Ne5 Be8 16. f5 f6 17. Nf3 exf5 18. Nxd5 cxd5 (18... Qxd5 19. Nh4 Qf7 20. Nxf5 $14 (20. Qxf5 g5 $11)) 19. Qxf5 g6 20. Qd3 a4 21. Rac1 Kg7 22. Ne1 Bd6 23. Rc2 Qd7 24. Rdc1 Bf7 25. Qe2 Rac8 26. Nd3 b6 {[%emt 0:01:25] Prevents Nc5} (26... Rc4 $5 ) 27. a3 (27. Qd1 $11) 27... Rc4 $1 $15 28. Nb4 Bxb4 29. Rxc4 dxc4 30. axb4 b5 31. Qd2 g5 32. Qc3 Rd8 33. Rd1 Bd5 (33... Qg4 $6 34. f3 Qe6 35. e4 $11) 34. f3 Qd6 35. Rd2 h5 36. Rf2 h4 {[%emt 0:04:15] Black is much more active.} 37. Bh3 Be6 38. Bxe6 Qxe6 $17 {[%emt 0:36:11][%mdl 4096] Endgame KQR-KQR} 39. Kf1 (39. e4 $17) 39... h3 40. Ke2 (40. e4 $17 {was necessary.}) 40... f5 $19 41. Kd2 Qd5 42. Kc1 f4 (42... Kg6 $17 {Threatens to win with ...f4.} 43. Rf1 f4 44. exf4 Qxd4 45. Qxd4 Rxd4 46. fxg5 Kxg5 47. Rg1+ Kf5) 43. exf4 $15 gxf4 (43... Qxd4 {simplifies} 44. Qxd4+ Rxd4 45. fxg5 Rf4) 44. Qe1 $1 {[%emt 0:01:19] Hoping for Qe7+.} Kf7 {[%emt 0:10:23] Repels Qe7+} (44... Qxd4 $5 45. Qe7+ $8 Kh8 46. Qh4+ Kg8 47. Qg5+ Kh7 48. Qh4+ Kg6 49. Qg4+ Kf7 50. Qf5+ Qf6 51. Qxb5 (51. Qxh3 c3 $11) 51... Qe6 52. Qh5+ (52. Qxa4 $2 {is a self mate.} Qe1+ 53. Kc2 Qd1+ {[%mdl 64] Skewer} 54. Kc3 Qd3#) 52... Qg6 $11) 45. Qe4 Qxe4 46. fxe4 $11 {[%emt 0:00:01] KR-KR} Rg8 {[%emt 0:04:02] ...Rg1+ is the strong threat.} 47. Rxf4+ Ke6 48. Rf2 (48. Rh4 $11) 48... Rg2 $17 49. Rc2 Rg1+ 50. Kd2 Rg4 $1 51. Kc1 Rxe4 52. Rc3 Rh4 $1 53. Kb1 (53. Rg3 $1 $11 {remains equal.}) 53... Kd5 54. Rg3 Kxd4 {[%emt 0:00:17] And now ...Re4 would win.} 55. Kc2 Re4 (55... Ke4 $17 56. Kd2 (56. Rg5 Kf3 $17) 56... Rh8 57. Re3+ Kd4) 56. Rxh3 $2 {[%emt 0:00:03][%mdl 8192] This move loses the game for White.} (56. Kd2 $1 $11 {and White has nothing to worry.}) 56... Re2+ $19 57. Kb1 {[%emt 0:00:35] [#]} Re3 $1 58. Rh5 {[%emt 0:00:58] [#]} (58. Rh4+ {is the only way for White.} Kd3 59. Ka2) 58... a3 $1 {[%emt 0:00:57] White must now prevent ...Re2.} 59. Rg5 $2 (59. Ka2 $19 axb2 60. Kxb2) 59... Rb3 60. Rg4+ Kd5 61. Rg5+ Ke4 62. Rxb5 Rxb2+ 63. Kc1 c3 64. Ra5 {[%emt 0:01:14] Weighted Error Value: White=0.47/Black=0.10 (very precise)} 0-1

[Event "ETCC Open 2023"]
[Site "Budva"]
[Date "2023.11.14"]
[Round "4.10"]
[White "Tari, Aryan"]
[Black "Sipila, Vilka"]
[Result "1-0"]
[ECO "C02"]
[WhiteElo "2620"]
[BlackElo "2429"]
[Annotator "ChessBase"]
[PlyCount "195"]
[EventDate "2023.11.10"]
[EventType "team-tourn"]
[EventCountry "MNE"]
[SourceTitle "playchess.com"]
[Source "ChessBase"]
[SourceQuality "1"]
[WhiteTeam "Norway"]
[BlackTeam "Finland"]
[WhiteTeamCountry "NOR"]
[BlackTeamCountry "FIN"]
[TimeControl "40/5400+30:1800+30"]

1. e4 e6 2. d4 d5 3. e5 c5 4. c3 Nc6 5. Nf3 Bd7 6. Be2 Nge7 7. O-O cxd4 8. cxd4 Nf5 9. Nc3 a6 10. Bg5 Be7 11. Bxe7 Qxe7 12. Qd2 O-O 13. Rae1 Rac8 14. Bd1 Nh4 15. Nxh4 Qxh4 16. f4 f5 17. Na4 Qd8 18. Nc5 Qc7 19. b4 Nb8 20. Be2 b6 21. Nxa6 Qc2 22. Rd1 Qa4 23. Nxb8 Rc2 24. Qe3 Rxb8 25. a3 Rbc8 26. Rc1 Qc6 27. Ra1 Rc3 28. Qd2 Rc2 29. Qe3 Rc3 30. Qd2 Rc2 31. Qd3 Qc3 32. Qxc3 R8xc3 33. Rf3 Rc7 34. Bd3 Rb2 35. Rf2 Rb3 36. Bf1 Ba4 37. Rf3 Rb2 38. Rf2 Rb3 39. Rf3 Rb2 40. Bd3 Rd2 41. b5 Kf8 42. Rb1 h6 43. Rg3 g5 44. Bf1 g4 45. Rd3 Ra2 46. Re3 h5 47. h4 Rcc2 48. Rb4 Bxb5 49. Rxb5 Rc1 50. Rxb6 Raa1 51. Kh2 Rxf1 52. Rc3 Rac1 53. Rxc1 Rxc1 54. Rxe6 Rc4 55. Rf6+ Ke7 56. Rxf5 Rxd4 57. Kg3 Rd3+ 58. Kf2 Rd2+ 59. Ke3 Rxg2 60. Rxh5 g3 61. Kf3 Rg1 62. Rh7+ Kf8 63. Rd7 g2 64. e6 Re1 65. Kxg2 Rxe6 66. Rxd5 Ra6 67. Rd3 Kg7 68. Kf3 Kf6 69. Kg4 Ra8 70. Rb3 Rg8+ 71. Kf3 Ra8 72. h5 Kf5 73. h6 Kg6 74. Ke4 Kxh6 75. Rg3 Ra4+ 76. Ke5 Ra5+ 77. Ke6 Ra6+ 78. Kd5 Ra5+ 79. Kc6 Rf5 80. Rf3 Ra5 81. Rg3 Ra4 82. Rf3 Ra8 83. Kb7 Ra4 84. Kb6 Ra8 85. Kb5 Rb8+ 86. Kc4 Ra8 87. Kb3 Kg6 88. f5+ Kf6 89. a4 Rb8+ 90. Ka3 Ra8 91. Rf1 Re8 92. a5 Re5 93. Kb4 Re2 94. Rf3 Re4+ 95. Kb5 Re1 96. a6 Rb1+ 97. Ka4 Rb8 98. Ka5 1-0

[Event "ETCC Open 2023"]
[Site "Budva"]
[Date "2023.11.14"]
[Round "4.11"]
[White "Sammalvuo, Tapani"]
[Black "Amar, Elham"]
[Result "1/2-1/2"]
[ECO "D52"]
[WhiteElo "2381"]
[BlackElo "2584"]
[Annotator "ChessBase"]
[PlyCount "163"]
[EventDate "2023.11.10"]
[EventType "team-tourn"]
[EventCountry "MNE"]
[SourceTitle "playchess.com"]
[Source "ChessBase"]
[SourceQuality "1"]
[WhiteTeam "Finland"]
[BlackTeam "Norway"]
[WhiteTeamCountry "FIN"]
[BlackTeamCountry "NOR"]
[TimeControl "40/5400+30:1800+30"]

1. d4 Nf6 2. c4 e6 3. Nf3 d5 4. Nc3 c6 5. Bg5 Nbd7 6. e3 Qa5 7. cxd5 exd5 8. Bd3 Ne4 9. O-O Nxg5 10. Nxg5 Nf6 11. f4 Bb4 12. Qc2 h6 13. Nf3 O-O 14. Ne5 c5 15. Rac1 Rd8 16. Qe2 cxd4 17. exd4 Qb6 18. Qe3 Bd7 19. Kh1 a6 20. Rf2 Re8 21. h3 Bxc3 22. bxc3 Bb5 23. Bf5 Qd6 24. g4 Bd7 25. Bb1 Ne4 26. Bxe4 dxe4 27. c4 f6 28. c5 Qd5 29. Nc4 Rad8 30. Nb6 Qf7 31. d5 Bb5 32. Rg2 Rxd5 33. Nxd5 Qxd5 34. Rc3 Rd8 35. Kh2 Bd3 36. Rd2 f5 37. gxf5 Qxf5 38. c6 bxc6 39. Rxc6 Rd7 40. Rc5 Qf6 41. Re5 Rf7 42. Re8+ Kh7 43. Rxe4 Bxe4 44. Qxe4+ g6 45. Rf2 Re7 46. Qd3 Kg7 47. Qc2 a5 48. Kg2 Rf7 49. Kg3 h5 50. Qb2 Rc7 51. Qxf6+ Kxf6 52. Rf3 a4 53. Ra3 Rc4 54. Re3 Rd4 55. Kf3 g5 56. fxg5+ Kxg5 57. Kg3 h4+ 58. Kf3 Rf4+ 59. Kg2 Kf5 60. a3 Re4 61. Rc3 Kf4 62. Kf2 Ke5 63. Kf3 Kd4 64. Rc8 Re3+ 65. Kg4 Rxa3 66. Ra8 Ra1 67. Kxh4 a3 68. Kh5 Kc3 69. h4 Kb2 70. Rb8+ Ka2 71. Kh6 Rb1 72. Ra8 Rb4 73. h5 Kb3 74. Rxa3+ Kxa3 75. Kg7 Rg4+ 76. Kf6 Rh4 77. Kg6 Kb4 78. h6 Kc5 79. h7 Kd6 80. Kg7 Ke7 81. h8=Q Rxh8 82. Kxh8 1/2-1/2

[Event "ETCC Open 2023"]
[Site "Budva"]
[Date "2023.11.14"]
[Round "4.12"]
[White "Kaasen, Tor Fredrik"]
[Black "Wartiovaara, Oliver"]
[Result "1-0"]
[ECO "E60"]
[WhiteElo "2471"]
[BlackElo "2270"]
[Annotator "ChessBase"]
[PlyCount "57"]
[EventDate "2023.11.10"]
[EventType "team-tourn"]
[EventCountry "MNE"]
[SourceTitle "playchess.com"]
[Source "ChessBase"]
[SourceQuality "1"]
[WhiteTeam "Norway"]
[BlackTeam "Finland"]
[WhiteTeamCountry "NOR"]
[BlackTeamCountry "FIN"]
[TimeControl "40/5400+30:1800+30"]

1. d4 Nf6 2. c4 g6 3. g3 Bg7 4. Bg2 O-O 5. Nc3 d6 6. Nf3 Bf5 7. O-O Ne4 8. Nh4 Nxc3 9. bxc3 Bc8 10. f4 e5 11. f5 exd4 12. fxg6 fxg6 13. Rxf8+ Qxf8 14. cxd4 c5 15. Bb2 Nc6 16. e3 cxd4 17. exd4 Bf6 18. Qd2 Qg7 19. Rd1 Bg4 20. Nf3 Re8 21. h3 Bf5 22. g4 Bd7 23. Ng5 Qe7 24. Bd5+ Kg7 25. Ne4 Bh4 26. Ba3 Bf6 27. Nxf6 Qxf6 28. Rf1 Qh4 29. Qf4 1-0

[Event "ETCC Open 2023"]
[Site "Budva"]
[Date "2023.11.14"]
[Round "4.13"]
[White "Van Foreest, Jorden"]
[Black "Rapport, Richard"]
[Result "1/2-1/2"]
[ECO "C42"]
[WhiteElo "2700"]
[BlackElo "2748"]
[Annotator "TA"]
[PlyCount "48"]
[EventDate "2023.11.10"]
[EventType "team-tourn"]
[EventCountry "MNE"]
[SourceTitle "playchess.com"]
[Source "ChessBase"]
[SourceQuality "1"]
[WhiteTeam "Netherlands"]
[BlackTeam "Romania"]
[WhiteTeamCountry "NED"]
[BlackTeamCountry "ROU"]
[TimeControl "40/5400+30:1800+30"]

1. e4 e5 2. Nf3 Nf6 3. Nxe5 d6 4. Nf3 Nxe4 5. d4 d5 6. Bd3 Nc6 7. O-O Be7 8. Re1 Bg4 9. c4 Nf6 10. Nc3 {[%emt 0:00:04] The modern move.} Bxf3 11. Qxf3 Nxd4 12. Qd1 {[%emt 0:04:04] C42: Petroff Defence: 3 Nxe5 and unusual White 3rd moves.} dxc4 (12... c6 $5) 13. Bxc4 ({Much weaker is} 13. Qa4+ c6 14. Qxc4 b5 $15) 13... c5 14. Bg5 {[%emt 0:00:31][%mdl 1024] White has compensation. This pair of bishops is nice.} (14. Qa4+ $5 Kf8 15. Ne2 $14) 14... O-O {[%emt 1:23:35] [#]} 15. Qd3 $146 ({Predecessor:} 15. Bxf6 Bxf6 16. Ne4 b6 17. Rc1 g6 18. Re3 Bg5 19. Nxg5 Qxg5 20. Rg3 Qf6 21. Qg4 Rfe8 22. h4 {0-1 Purgaj,C (1698)-Delmonico,N (1944) Davos Summer op 21st 2022 (5)}) 15... Qd6 (15... a6 $5 16. Qh3 Re8 $15) 16. Qh3 {[%emt 0:17:29][%cal Oe1e7] Dodges Ng4} Rad8 17. Rad1 (17. Bd3 $5 h6 18. Bxh6 gxh6 19. Qxh6 $11) 17... h6 18. Nb5 Qd7 {[%emt 0:00:00] [#] And now ...Qxh3 would win.} 19. Nxd4 {[%emt 0:03:53] The position is equal.} cxd4 20. Qxd7 Rxd7 21. Bb5 Rd5 22. Bc4 {[%emt 0:00:16] [#] Threatens to win with Bxf6.} Rd7 23. Bb5 Rd5 24. Bc4 {[%emt 0:00:06] Hoping for Bxf6.} Rd7 {[%emt 0:00:00] Weighted Error Value: White=0.09 (flawless) /Black=0.15 (very precise)} 1/2-1/2

[Event "ETCC Open 2023"]
[Site "Budva"]
[Date "2023.11.14"]
[Round "4.14"]
[White "Deac, Bogdan-Daniel"]
[Black "Warmerdam, Max"]
[Result "1/2-1/2"]
[ECO "B31"]
[WhiteElo "2700"]
[BlackElo "2638"]
[Annotator "TA"]
[PlyCount "55"]
[EventDate "2023.11.10"]
[EventType "team-tourn"]
[EventCountry "MNE"]
[SourceTitle "playchess.com"]
[Source "ChessBase"]
[SourceQuality "1"]
[WhiteTeam "Romania"]
[BlackTeam "Netherlands"]
[WhiteTeamCountry "ROU"]
[BlackTeamCountry "NED"]
[TimeControl "40/5400+30:1800+30"]

1. e4 c5 2. h3 d6 3. Bb5+ Bd7 4. c4 Nc6 5. Ne2 g6 {[%emt 0:01:04] [#]} 6. d4 $146 {[%emt 0:06:30] B31: Sicilian: 2...Nc6 3 Bb5 g6.} ({Predecessor:} 6. O-O Bg7 7. d3 Nf6 8. Be3 O-O 9. Nbc3 a6 10. Ba4 Rb8 11. f4 Ne8 12. f5 {1-0 Deac,B (2701)-Yaniv,Y (2382) EU-Cup 38th Durres 2023 (1.1)}) 6... cxd4 7. Nxd4 Nf6 8. Nc3 Nxd4 9. Qxd4 Bg7 10. Bxd7+ Qxd7 11. O-O O-O 12. Qd3 Qc6 13. Bd2 Nd7 14. b3 Nc5 {[%emt 0:02:12] Repels f3} 15. Qe3 Bxc3 16. Bxc3 Qxe4 17. Qh6 {[%emt 0:02:01][%csl Gc3][%cal Rh6g7] [#]} e5 18. Rad1 Ne6 {[%emt 0:08:14] Hoping for ...Nf4.} 19. f3 $1 Qf5 20. Rxd6 Nf4 {[%emt 0:00:47] [#] White must now prevent ...Ne2+.} 21. Bd2 (21. Re1 $14 Rfe8 22. Bd2) 21... Rad8 $11 {[%emt 0:03:16] The position is equal.} 22. Rxd8 Rxd8 23. Bxf4 exf4 {[%emt 0:05:27] KQR-KQR} 24. Re1 {[%emt 0:00:29] Inhibits Qe5.} Qc5+ 25. Kf1 Qf5 26. Kg1 Qc5+ 27. Kf1 Qf5 28. Kg1 {[%emt 0:09:56] Weighted Error Value: White=0.05 (flawless) /Black=0.04 (flawless)} 1/2-1/2

[Event "ETCC Open 2023"]
[Site "Budva"]
[Date "2023.11.14"]
[Round "4.15"]
[White "Bok, Benjamin"]
[Black "Shevchenko, Kirill"]
[Result "1/2-1/2"]
[ECO "E06"]
[WhiteElo "2621"]
[BlackElo "2665"]
[Annotator "ChessBase"]
[PlyCount "103"]
[EventDate "2023.11.10"]
[EventType "team-tourn"]
[EventCountry "MNE"]
[SourceTitle "playchess.com"]
[Source "ChessBase"]
[SourceQuality "1"]
[WhiteTeam "Netherlands"]
[BlackTeam "Romania"]
[WhiteTeamCountry "NED"]
[BlackTeamCountry "ROU"]
[TimeControl "40/5400+30:1800+30"]

1. Nf3 d5 2. d4 Nf6 3. c4 e6 4. g3 Be7 5. Bg2 O-O 6. Nc3 Nbd7 7. Qd3 a6 8. b3 b5 9. cxd5 exd5 10. Ne5 Bb7 11. O-O Re8 12. Nxd7 Qxd7 13. Bg5 b4 14. Na4 Bc6 15. Rfc1 Bxa4 16. bxa4 Ne4 17. Bxe7 Rxe7 18. a5 Qa4 19. e3 Qxa5 20. a3 bxa3 21. Qxa3 Qxa3 22. Rxa3 Ra7 23. Ra5 Nf6 24. Bxd5 Nxd5 25. Rxd5 g6 26. Ra5 Re6 27. Rac5 Re7 28. Kf1 Kf8 29. Ke2 Ke8 30. Kd3 Kd8 31. Rc6 Re6 32. Rxe6 fxe6 33. Ra1 a5 34. Kc4 Kd7 35. Ra4 Rb7 36. Rxa5 Rb2 37. f4 Rxh2 38. Kd3 Rg2 39. Rg5 Ke7 40. Ke4 Kf6 41. Kf3 Rc2 42. g4 h6 43. Ra5 g5 44. f5 exf5 45. Rxf5+ Ke6 46. Ra5 c6 47. Re5+ Kf7 48. Rf5+ Ke7 49. Re5+ Kf7 50. Rf5+ Ke7 51. Ra5 Ke6 52. Re5+ 1/2-1/2

[Event "ETCC Open 2023"]
[Site "Budva"]
[Date "2023.11.14"]
[Round "4.16"]
[White "Lupulescu, Constantin"]
[Black "Vrolijk, Liam"]
[Result "1/2-1/2"]
[ECO "C47"]
[WhiteElo "2582"]
[BlackElo "2569"]
[Annotator "ChessBase"]
[PlyCount "97"]
[EventDate "2023.11.10"]
[EventType "team-tourn"]
[EventCountry "MNE"]
[SourceTitle "playchess.com"]
[Source "ChessBase"]
[SourceQuality "1"]
[WhiteTeam "Romania"]
[BlackTeam "Netherlands"]
[WhiteTeamCountry "ROU"]
[BlackTeamCountry "NED"]
[TimeControl "40/5400+30:1800+30"]

1. e4 e5 2. Nf3 Nc6 3. Nc3 Nf6 4. d4 exd4 5. Nxd4 Bb4 6. Nxc6 bxc6 7. Bd3 O-O 8. O-O d5 9. exd5 cxd5 10. h3 Be6 11. Qf3 Be7 12. Ne2 c5 13. c3 Qd7 14. Bf4 Qb7 15. b3 a5 16. Rab1 Qc6 17. Ng3 Bd6 18. Rfe1 Rfe8 19. Bg5 Nd7 20. Nf5 Ne5 21. Qg3 Bxf5 22. Bxf5 Ng6 23. Qd3 Rxe1+ 24. Rxe1 a4 25. Rd1 axb3 26. axb3 h6 27. Bxg6 fxg6 28. Bxh6 Ra3 29. c4 gxh6 30. Qxg6+ Kf8 31. Qxh6+ Kg8 32. Qg6+ Kf8 33. Qf6+ Kg8 34. Qe6+ Kg7 35. cxd5 Qc7 36. Qg4+ Kf8 37. Qg6 Qe7 38. Qh6+ Kf7 39. Qh7+ Kf8 40. Qh8+ Kf7 41. Qh7+ Kf8 42. Qh6+ Kf7 43. Kf1 Qe5 44. Re1 Qxd5 45. Qh7+ Kf6 46. Qh6+ Kf7 47. Qh7+ Kf6 48. Qh8+ Kf7 49. Qh7+ 1/2-1/2

[Event "ETCC Open 2023"]
[Site "Budva"]
[Date "2023.11.14"]
[Round "4.17"]
[White "Martirosyan, Haik M."]
[Black "Rodshtein, Maxim"]
[Result "1-0"]
[ECO "D43"]
[WhiteElo "2708"]
[BlackElo "2582"]
[Annotator "TA"]
[PlyCount "101"]
[EventDate "2023.11.10"]
[EventType "team-tourn"]
[EventCountry "MNE"]
[SourceTitle "playchess.com"]
[Source "ChessBase"]
[SourceQuality "1"]
[WhiteTeam "Armenia"]
[BlackTeam "Israel"]
[WhiteTeamCountry "ARM"]
[BlackTeamCountry "ISR"]
[TimeControl "40/5400+30:1800+30"]

1. d4 Nf6 2. c4 e6 3. Nf3 d5 4. Nc3 c6 5. Bg5 h6 6. Bxf6 Qxf6 7. e3 Nd7 8. Be2 g6 {[%emt 0:01:17] D43: Semi-Slav: 5 Bg5 h6.} 9. O-O Bg7 10. cxd5 {[%emt 0:00:30] The main line 10.cxd5 scores better than 10.e4.} exd5 {[%emt 0:04:37] White has an edge.} 11. b4 O-O 12. b5 Qd6 13. bxc6 bxc6 14. Rc1 {[%emt 0:00:10] [#]} Rb8 $146 ({Predecessor:} 14... Nb6 15. Na4 Bf5 16. Nc5 Rab8 17. Qd2 Rfe8 18. Qa5 Re7 19. Rc3 g5 20. Rfc1 g4 {½-½ Sargsyan,S (2628)-Gelfand,B (2663) Wch Blitz Warsaw 2021 (20)}) 15. Qa4 Rb7 16. Qa5 Nb6 17. Nd2 Re7 18. Ba6 Rc7 19. Bxc8 Rfxc8 20. Rc2 Bf8 21. Qa6 Qa3 22. Qxa3 Bxa3 23. Rb1 h5 24. Kf1 Kf8 25. h3 Ke8 26. Ke2 Kd7 27. Rb3 Be7 28. a4 {[%emt 0:02:13][%cal Ba2a4,Ba4a5][%mdl 32] White wants to play a5.} Ke6 (28... c5 {looks sharper.} 29. a5 cxd4 30. axb6 Rxc3 31. Rcxc3 dxc3 32. bxa7 Bd6) 29. a5 $36 {[%emt 0:02:08][%mdl 2048] White is pushing.} Nd7 30. Rcb2 Bf6 31. Rb1 Be7 32. Nf3 Bf6 33. Ne1 Be7 34. Nd3 Bd6 35. h4 (35. Na4 $16) 35... Ke7 (35... c5 $1 $11 36. R3b2 cxd4) 36. g3 Kd8 37. Na4 Ke7 (37... c5 $16 {keeps fighting.}) 38. Nac5 $18 Bxc5 39. dxc5 Nf8 40. Nb4 {[%emt 0:05:09] White is more active.} (40. a6 $16) 40... Rd7 41. Na6 {[%emt 0:01:18] Black must now prevent Rb7.} Ne6 42. Rb7 {[%emt 0:01:33] Rxd7+ would be deadly.} Rcd8 {[%emt 0:04:25][%mdl 8192] [#] Loses the game.} ({Better is} 42... Nd8 $1 $14 43. R7b3 Ne6) 43. Nb8 $1 {[%emt 0:03:05][%mdl 64] Pin, Double Attack} Rxb7 44. Rxb7+ {[%emt 0:00:10][%mdl 4096] Endgame KRN-KRN} Kf6 45. Nd7+ (45. Nxc6 Ra8 46. Rxa7 Rxa7 47. Nxa7 Nxc5 $18) 45... Ke7 46. Ne5+ {[%emt 0:01:06][%mdl 64] Discovered Attack} Kf6 47. f4 {[%emt 0:02:25][%csl Ge5][%cal Rb7f7] [#]} (47. Nxf7 Re8 48. Rxa7 Nxc5 $18) (47. Nxc6 Ra8 48. Rxa7 Rxa7 49. Nxa7 Nxc5 $18) 47... Nxc5 48. Rxf7+ (48. Rxa7 Ke6 49. Nxf7 (49. Nxc6 Rc8 $18) 49... Rb8 50. Ng5+ Kd6 $18) 48... Ke6 49. Rg7 ({Less strong is} 49. Rxa7 d4 50. exd4 (50. Nxg6 d3+ 51. Kd1 Na4 $11) 50... Rxd4 $18) (49. Nxc6 Kxf7 50. Nxd8+ Ke8 $16) 49... Rb8 50. Rxg6+ Kf5 51. Rg5+ {[%emt 0:00:43] Weighted Error Value: White=0.09 (flawless) /Black=0.31} ({Not} 51. Rxc6 Ne4 $16) 1-0

[Event "ETCC Open 2023"]
[Site "Budva"]
[Date "2023.11.14"]
[Round "4.18"]
[White "Kobo, Ori"]
[Black "Melkumyan, Hrant"]
[Result "0-1"]
[ECO "C67"]
[WhiteElo "2556"]
[BlackElo "2650"]
[Annotator "ChessBase"]
[PlyCount "180"]
[EventDate "2023.11.10"]
[EventType "team-tourn"]
[EventCountry "MNE"]
[SourceTitle "playchess.com"]
[Source "ChessBase"]
[SourceQuality "1"]
[WhiteTeam "Israel"]
[BlackTeam "Armenia"]
[WhiteTeamCountry "ISR"]
[BlackTeamCountry "ARM"]
[TimeControl "40/5400+30:1800+30"]

1. e4 e5 2. Nf3 Nc6 3. Bb5 Nf6 4. O-O Nxe4 5. Re1 Nd6 6. Nxe5 Be7 7. Bf1 Nxe5 8. Rxe5 O-O 9. d4 Bf6 10. Re2 b6 11. Re1 Bb7 12. Bf4 Nf5 13. c3 Bg5 14. Qg4 Bxf4 15. Qxf4 Ne7 16. Nd2 Nd5 17. Qg3 Nf6 18. c4 d6 19. d5 Bc8 20. Nb3 g6 21. Nd4 Bd7 22. Qc3 Re8 23. g3 a5 24. Bg2 Nh5 25. Rxe8+ Bxe8 26. Bf3 Ng7 27. Nc6 Bxc6 28. dxc6 Qf8 29. h4 Re8 30. Kg2 Re5 31. a3 Qe7 32. b4 Ne8 33. Rd1 Nf6 34. Rd4 h6 35. Qd3 Rf5 36. Qd2 Kg7 37. Rd3 Qe6 38. Rd4 Re5 39. Bd5 Qe8 40. bxa5 bxa5 41. Qc3 Re1 42. Bf3 Qe5 43. Rd3 g5 44. hxg5 hxg5 45. g4 a4 46. Qxe5 Rxe5 47. Rd4 Kf8 48. Kf1 Ke8 49. Rd1 Rc5 50. Rd4 Re5 51. Rd1 Rc5 52. Rd4 Ng8 53. Bd1 Ne7 54. Bxa4 Nxc6 55. Bxc6+ Rxc6 56. Ke2 Kd7 57. f4 Ra6 58. fxg5 Rxa3 59. Rf4 Ke7 60. Re4+ Kf8 61. c5 Ra5 62. cxd6 cxd6 63. Rd4 Ke7 64. Ke3 Rxg5 65. Kf4 Re5 66. g5 Ke6 67. Rd1 d5 68. Ra1 Re4+ 69. Kf3 Kf5 70. Ra5 Re5 71. Ra7 Kg6 72. Rd7 Rxg5 73. Ke3 Kf6 74. Kd4 Ke6 75. Rd8 Rg4+ 76. Kd3 Ra4 77. Re8+ Kf5 78. Rd8 Ke5 79. Re8+ Kf4 80. Rd8 Ra5 81. Ke2 f5 82. Rd7 Ra2+ 83. Kd3 Kg3 84. Rxd5 f4 85. Rg5+ Kf2 86. Rh5 Ra3+ 87. Kd2 f3 88. Rg5 Ra8 89. Rg7 Rd8+ 90. Kc2 Kf1 0-1